 Dungeon Crawl Stone Soup version 0.27-a0-1196-g3e9cee4cb2 (webtiles) character file.

Game seed: 81020685252883018

6 freelancePsychic the Gusty (level 1, -1/10 HPs)
             Began as a Tengu Air Elementalist on May 28, 2021.
             Was a Follower of Kikubaaqudgha.
             Slain by a jackal (3 damage)
             ... on level 1 of the Dungeon.
             The game lasted 00:00:54 (152 turns).

freelancePsychic the Gusty (Tengu Air Elementalist)  Turns: 152, Time: 00:00:56

Health: -1/10      AC:  2    Str:  8    XL:     1   Next: 90%
Magic:  0/4        EV: 12    Int: 15    God:    Kikubaaqudgha [*.....]
Gold:   0          SH:  0    Dex: 14    Spells: 3/4 levels left

rFire    . . .     SeeInvis .   e - +4 dagger
rCold    . . .     Faith    .   (no shield)
rNeg     . . .     Spirit   .   a - +0 robe
rPois    .         Reflect  .   (helmet restricted)
rElec    .         Harm     .   (no cloak)
rCorr    .         Rampage  .   (no gloves)
Will     .....                  (boots unavailable)
Stlth    ++........             (no amulet)
HPRegen  0.03/turn              (no ring)
MPRegen  0.09/turn              (no ring)

@: very slightly contaminated
A: beak, talons 3
a: Renounce Religion, Receive Corpses


You were on level 1 of the Dungeon.
You worshipped Kikubaaqudgha.
Kikubaaqudgha was aware of your devotion.
You visited 1 branch of the dungeon, and saw 1 of its levels.

Inventory:

Hand Weapons
 e - a +4 dagger (weapon)
Armour
 a - a +0 robe (worn)
Scrolls
 b - a scroll of enchant weapon {unknown}
 c - a scroll of teleportation {unknown}
Potions
 d - a potion of brilliance {unknown}


   Skills:
 - Level 2.1 Dodging
 - Level 2.0 Stealth
 + Level 2.1 Spellcasting
 + Level 1.8 Conjurations
 + Level 4.2 Air Magic


You had 3 spell levels left.
You knew the following spells:

 Your Spells              Type           Power      Damage    Failure   Level
a - Shock                 Conj/Air       40%        1d5       6%          1

Your spell library contained the following spells:

 Spells                   Type           Power      Damage    Failure   Level
 Static Discharge         Conj/Air       10%        N/A       10%         2
 Swiftness                Air            14%        N/A       12%         3
 Animate Skeleton         Necr           2%         N/A       22%         1
 Pain                     Necr           4%         1d4       22%         1
 Sublimation of Blood     Necr           0%         N/A       32%         2
 Vampiric Draining        Necr           0%         2d6       54%         3
 Airstrike                Air            7%         N/A       36%         4
 Lightning Bolt           Conj/Air       5%         1d17      86%         5


Dungeon Overview and Level Annotations

Branches:
Dungeon (1/15)

Altars:
Kikubaaqudgha


Innate Abilities, Weirdness & Mutations

You have a beak for a mouth.
You have claws for feet.


Message History

The zap hits the jackal.
The jackal is almost dead.
The zap hits the jackal.
The jackal is almost dead.
The zap hits the jackal.
You kill the jackal!
Kikubaaqudgha accepts your kill. The jackal closely misses you.
Aiming: Shock (safe; 7% risk of failure)
Press: ? - help, Q - select action, (/) - cycle Shift-Dir - straight line You miscast Shock.
You are very lightly contaminated with residual magic.
Nothing appears to happen.
The jackal closely misses you.
Aiming: Shock (safe; 7% risk of failure)
Press: ? - help, Q - select action, (/) - cycle Shift-Dir - straight line The zap misses the jackal.
The zap hits the jackal.
You kill the jackal!
Kikubaaqudgha accepts your kill.
The zap hits the jackal.
The jackal is moderately wounded.
The zap misses the jackal.
The zap hits the jackal.
You kill the jackal!
Kikubaaqudgha accepts your kill. The jackal barely misses you.
The jackal closely misses you.
Aiming: Shock (safe; 6% risk of failure)
Press: ? - help, Q - select action, (/) - cycle Shift-Dir - straight line The zap hits the jackal.
The jackal is severely wounded.
The zap misses the jackal.
The jackal closely misses you.
You don't have enough magic to cast this spell.
You don't have enough magic to cast this spell.
You barely miss the jackal.
The jackal is severely wounded.
The jackal bites you but does no damage.
The jackal bites you.
You die...
Kikubaaqudgha rasps: "You have failed me!
Welcome... death!"

#.#..PPP.###.
#.#..≈.⌠P..#.
#.#≈.≈⌠.P..#.
#...P≈⌠≈.###.
##h#h.PP..._##
#hh.P≈....###
#.##..####.P..
######...##.......P
#.@hh.†#.....PP....
#.######...########
#.##.# #####
#....### ##.....#
#.....# #.....#
#.....## #......#


You could see 2 jackals.

Vanquished Creatures
  An endoplasm (D:1)
  3 jackals (D:1)
  A kobold (D:1)
5 creatures vanquished.

Vanquished Creatures (others)
  A fungus (D:1)
  A plant (D:1)
2 creatures vanquished.

Grand Total: 7 creatures vanquished

Notes
Turn   | Place    | Note
-------+----------+-------------------------------------------
     0 | D:1      | freelancePsychic the Tengu Air Elementalist began the quest
                  | for the Orb.
     0 | D:1      | Reached XP level 1. HP: 10/10 MP: 4/4
    94 | D:1      | Found a faded altar of an unknown god.
   107 | D:1      | Became a worshipper of Kikubaaqudgha
   107 | D:1      | Reached * piety under Kikubaaqudgha
   107 | D:1      | Identified Kikubaaqudgha's Volume of Evil (Kikubaaqudgha
                  | gifted it to you on level 1 of the Dungeon)
   107 | D:1      | Received a gift from Kikubaaqudgha
   152 | D:1      | Slain by a jackal

Illustrated notes

Levels and vault maps discovered:
D:1:      amcnicky_arrival_choice, layout_basic,
          shapermc_ecumenical_altar_mp_ritualfount

Action                   || total
-------------------------++-------
Melee: Dagger            ||     2
 Cast: Shock             ||     7
Armor: Robe              ||     4
Dodge: Dodged            ||    12

Table legend: (Time is in decaauts)
 A = Elapsed time spent in this place.
 B = Non-inter-level travel time spent in this place.
 C = Inter-level travel time spent in this place.
 D = Time resting spent in this place.
 E = Time spent auto-exploring this place.
 F = Levels seen in this place.
 G = Mean time per level.
                   A        B        C        D        E       F      G
               +--------+--------+--------+--------+--------+-----+--------+
         Total |    153 |    153 |      0 |      0 |     97 |   1 |  153.0 |
       Dungeon |    153 |    153 |      0 |      0 |     97 |   1 |  153.0 |
               +--------+--------+--------+--------+--------+-----+--------+

Top non-repeatable levels by time:
     D:1: 153 daAuts
